 Dungeon Crawl Stone Soup version 0.31-a0-83-gbff143cfd1 (webtiles) character file.

Game seed: 13087344622567247262

7 tsouns the Caller (level 1, -1/10 HPs)
             Began as a Deep Elf Summoner on May 25, 2023.
             Slain by a hobgoblin (4 damage)
             ... on level 1 of the Dungeon.
             The game lasted 00:01:00 (233 turns).

tsouns the Caller (Deep Elf Summoner)                Turns: 233, Time: 00:01:00

Health: -1/10      AC:  2    Str:  5    XL:     1   Next: 91%
Magic:  5/6        EV: 17    Int: 19    God:
Gold:   33         SH:  0    Dex: 15    Spells: 5/6 levels left

rFire   . . .        g - +0 spear
rCold   . . .        (no shield)
rNeg    . . .        a - +0 robe
rPois   .            (no helmet)
rElec   .            (no cloak)
rCorr   .            (no gloves)
SInv    .            (no boots)
Will    .....        (no amulet)
Stlth   ++           f - +5 ring of evasion
HPRegen 0.21/turn    (no ring)
MPRegen 0.10/turn

%: no passive effects
@: no status effects
A: no striking features
a: no special abilities


You were on level 1 of the Dungeon.
You visited 1 branch of the dungeon, and saw 1 of its levels.

You collected 33 gold pieces.

Inventory:

Hand Weapons
 d - a +0 dagger
 g - a +0 spear (weapon)
Missiles
 h - 5 poisoned darts
Armour
 a - a +0 robe (worn)
Jewellery
 f - a +5 ring of evasion (left hand)
Scrolls
 e - a scroll of identify {unknown}
Potions
 b - a potion of magic
 c - a potion of curing {unknown}


   Skills:
 - Level 2.4 Dodging
 - Level 2.4 Stealth
 + Level 3.1 Spellcasting
 + Level 4.8 Summonings


You had 5 spell levels left.
You knew the following spells:

 Your Spells              Type           Power      Damage    Failure   Level
a - Summon Small Mammal   Summ           84%        N/A       1%          1

Your spell library contained the following spells:

 Spells                   Type           Power      Damage    Failure   Level
 Call Imp                 Summ           42%        N/A       3%          2
 Call Canine Familiar     Summ           21%        N/A       6%          3
 Summon Guardian Golem    Hex/Summ       10%        N/A       21%         3
 Summon Lightning Spire   Summ/Air       10%        N/A       54%         4


Dungeon Overview and Level Annotations

Branches:
Dungeon (1/15)

Altars:


Message History

h - 5 poisoned darts You open the large door.
There is a large open door here.
Your rat disappears in a puff of smoke!
There is a fountain of clear blue water here.
A hobgoblin comes into view.
A hobgoblin is nearby!
Casting: Summon Small Mammal (safe; 1% risk of failure)
Confirm with . or Enter, or press ? or * to list all spells.
Unknown command.
Casting: Summon Small Mammal (safe; 1% risk of failure)
Confirm with . or Enter, or press ? or * to list all spells.
Unknown command.
Found a stone staircase leading down.
The hobgoblin shouts!
The hobgoblin hits your rat.
Your rat dies!
Your rat's corpse disappears in a puff of smoke!
You hit the hobgoblin but do no damage. The hobgoblin barely misses you.
You closely miss the hobgoblin. The hobgoblin misses you.
You closely miss the hobgoblin. The hobgoblin closely misses you.
Your rat barely misses the hobgoblin.
The hobgoblin attacks as you move away! The hobgoblin completely misses you.
Your rat bites the hobgoblin but does no damage.
You hit the hobgoblin.
The hobgoblin is heavily wounded.
The hobgoblin hits you.
Your rat bites the hobgoblin.
You strike the helpless hobgoblin from behind!
You hit the hobgoblin.
The hobgoblin is almost dead.
The hobgoblin closely misses you.
Your rat barely misses the hobgoblin.
The hobgoblin hits you.
You are too injured to fight recklessly!
The hobgoblin attacks as you move away! The hobgoblin hits you.
* * * LOW HITPOINT WARNING * * *
Your rat barely misses the hobgoblin.
You hit the hobgoblin but do no damage.
The hobgoblin is severely wounded.
Your rat barely misses the hobgoblin.
The hobgoblin hits you.
You die...

#####.... #.. .........
#.# ######.. #.# ###''
#.# ######.... #.#
####......... #.#
##......⌠.....
#.#####.####.............
#>.....g@................
######r..................
###.................
#..∩...............
#..................
#..♣§§§............
##§§.§..§∩.....♣...
##§~§..§...∩......
#~~~§..§§.....<.


You could see a hobgoblin (ally target) and a friendly rat (summoned).

Vanquished Creatures
  An endoplasm (D:1)
1 creature vanquished.

Vanquished Creatures (collateral kills)
  An endoplasm (D:1)
  A giant cockroach (D:1)
  3 goblins (D:1)
5 creatures vanquished.

Grand Total: 6 creatures vanquished

Notes
Turn   | Place    | Note
-------+----------+-------------------------------------------
     0 | D:1      | tsouns the Deep Elf Summoner began the quest for the Orb.
     0 | D:1      | Reached XP level 1. HP: 10/10 MP: 6/6
   233 | D:1      | Slain by a hobgoblin

Illustrated notes

Levels and vault maps discovered:
D:1:      tekkud_arrival_beachfront_property, layout_loops_ring,
          kennysheep_decorative_pillar, minmay_lizard_king

Action                     || total
---------------------------++-------
  Melee: Dagger            ||     6
         Spear             ||     6
         Unarmed           ||     2
   Cast: Summon Small Mamm ||     8
   Stab: Distracted        ||     1
  Dodge: Dodged            ||    10

Table legend: (Time is in decaauts)
 A = Elapsed time spent in this place.
 B = Non-inter-level travel time spent in this place.
 C = Inter-level travel time spent in this place.
 D = Time resting spent in this place.
 E = Time spent auto-exploring this place.
 F = Levels seen in this place.
 G = Mean time per level.
                   A        B        C        D        E       F      G
               +--------+--------+--------+--------+--------+-----+--------+
         Total |    232 |    232 |      0 |      0 |    131 |   1 |  232.0 |
       Dungeon |    232 |    232 |      0 |      0 |    131 |   1 |  232.0 |
               +--------+--------+--------+--------+--------+-----+--------+

Top non-repeatable levels by time:
     D:1: 232 daAuts
